 Dungeon Crawl Stone Soup version 0.28.0-43-g3370ac3207 (webtiles) character file.

Game seed: 11423704221780290298

2984 Ablot the Magician (level 9, -1/71 HPs)
             Began as a Gnoll Warper on Mar 3, 2022.
             Was a Follower of Cheibriados.
             Slain by a killer bee (3 damage)
             ... on level 7 of the Dungeon.
             The game lasted 00:22:02 (9529 turns).

Ablot the Magician (Gnoll Warper)                   Turns: 9529, Time: 00:22:02

Health: -1/71      AC:  6    Str: 20    XL:     9   Next: 83%
Magic:  19/19      EV: 14    Int: 14    God:    Cheibriados [*.....]
Gold:   357        SH:  0    Dex: 13    Spells: 15/21 levels left

rFire   + + .      SeeInvis .   d - +2 dagger (venom)
rCold   + . .      Faith    +   (no shield)
rNeg    . . .      Spirit   .   t - +3 leather armour {rF+}
rPois   .          Reflect  .   (no helmet)
rElec   .          Harm     .   b - scarf {rC+ rF+}
rCorr   +          Rampage  .   (no gloves)
Will    +....                   (no boots)
Stlth   +.........              k - amulet of faith
HPRegen 0.21/turn               y - ring "Omuthroist" {Will+ Str+2}
MPRegen 0.16/turn               B - ring of resist corrosion

@: confused, brilliant, lethally poisoned (-1 -> -3), ambrosia-drunk, hasted,
quick
A: fangs 1, strong nose, distributed training
a: Renounce Religion, Bend Time


You were on level 7 of the Dungeon.
You worshipped Cheibriados.
Cheibriados was aware of your devotion.
You visited 2 branches of the dungeon, and saw 8 of its levels.

You collected 357 gold pieces.

Inventory:

Hand Weapons
 a - a +0 trident
 d - a +2 dagger of venom (weapon)
 h - a +1 war axe of flaming
 J - a +5 short sword
Missiles
 e - 167 stones
 p - 5 boomerangs of dispersal
 z - 3 poisoned darts (quivered)
 A - 23 arrows
 C - 27 sling bullets
 G - 16 bolts
 K - 3 atropa-tipped darts
Armour
 b - a scarf of resistance (worn)
 t - a +3 leather armour of fire resistance (worn)
Jewellery
 k - an amulet of faith (around neck)
 o - a ring of fire
 y - the ring "Omuthroist" (left hand) {Will+ Str+2}
   (You found it on level 4 of the Dungeon)

   [ring of willpower]

   Str:       It affects your strength (+2).
   Will:      It increases your willpower.
 B - a ring of resist corrosion (right hand)
Wands
 H - a wand of flame (55)
 I - a wand of charming (8)
Scrolls
 c - a scroll of blinking
 f - 11 scrolls of identify {unknown}
 g - 2 scrolls of magic mapping {unknown}
 i - 2 scrolls of amnesia {unknown}
 l - 2 scrolls of vulnerability {unknown}
 q - 3 scrolls of enchant weapon {unknown}
 r - a scroll of holy word {unknown}
 s - 3 scrolls of noise {unknown}
 w - 3 scrolls of teleportation {unknown}
 L - a scroll of torment {unknown}
Potions
 j - a potion of brilliance
 m - 2 potions of haste
 n - 2 potions of ambrosia
 u - a potion of cancellation {unknown}
 v - a potion of mutation {unknown}
 x - 2 potions of lignification {unknown}
 E - a potion of attraction {unknown}
 F - 2 potions of heal wounds {unknown}


   Skills:
 + Level 6.6 Fighting
 + Level 4.6 Short Blades
 + Level 4.6 Long Blades
 + Level 4.6 Axes
 + Level 4.6 Maces & Flails
 + Level 6.6 Polearms
 + Level 4.6 Staves
 + Level 4.6 Slings
 + Level 4.6 Bows
 + Level 4.6 Crossbows
 + Level 5.3 Throwing
 + Level 5.3 Armour
 + Level 6.6 Dodging
 + Level 4.6 Stealth
 + Level 4.6 Shields
 + Level 4.6 Unarmed Combat
 + Level 6.9 Spellcasting
 + Level 3.8 Conjurations
 + Level 3.8 Hexes
 + Level 3.8 Summonings
 + Level 3.8 Necromancy
 + Level 6.7 Translocations
 + Level 3.8 Transmutations
 + Level 3.8 Fire Magic
 + Level 3.8 Ice Magic
 + Level 3.8 Air Magic
 + Level 3.8 Earth Magic
 + Level 3.8 Poison Magic
 + Level 5.1 Invocations
 + Level 4.6 Evocations


You had 15 spell levels left.
You knew the following spells:

 Your Spells              Type           Power      Damage    Failure   Level
a - Blink                 Tloc           70%        N/A       1%          2
b - Slow                  Hex            92%        N/A       3%          1
c - Ensorcelled Hibernat  Hex/Ice        46%        N/A       5%          2
d - Animate Skeleton      Necr           46%        N/A       3%          1

Your spell library contained the following spells:

 Spells                   Type           Power      Damage    Failure   Level
 Pain                     Necr           92%        1d8       3%          1
 Summon Small Mammal      Summ           92%        N/A       3%          1
 Gell's Gravitas          Tloc           35%        N/A       3%          3
 Lesser Beckoning         Tloc           35%        N/A       3%          3
 Teleport Other           Tloc           35%        N/A       3%          3
 Static Discharge         Conj/Air       23%        N/A       5%          2
 Call Canine Familiar     Summ           23%        N/A       11%         3
 Confusing Touch          Hex            23%        N/A       11%         3
 Spider Form              Tmut/Pois      23%        N/A       11%         3
 Summon Guardian Golem    Hex/Summ       23%        N/A       11%         3
 Vampiric Draining        Necr           23%        2d7       11%         3
 Manifold Assault         Tloc           35%        N/A       28%         5
 Anguish                  Hex/Necr       11%        N/A       34%         4
 Dispel Undead            Necr           23%        3d12      34%         4
 Sticky Flame             Conj/Fire      23%        2d4       34%         4
 Storm Form               Tmut/Air       11%        N/A       100%        7


Dungeon Overview and Level Annotations

Branches:
Dungeon (7/15)             Temple (1/1) D:6

Altars:
Cheibriados
Dithmenos
Elyvilon
Fedhas
Kikubaaqudgha
Makhleb
Nemelex Xobeh
Okawaru
Qazlal
Ru
Sif Muna
Trog
Uskayaw
Vehumet
Wu Jian
Xom
Yredelemnul
Zin
The Shining One


Innate Abilities, Weirdness & Mutations

You have very sharp teeth.
Your uncanny sense of smell can sniff out nearby items.
Your experience applies equally to all skills.


Message History

Aim: a killer bee (chance to affect: 57%)
The killer bee looks drowsy...
* * * LOW HITPOINT WARNING * * *
You feel sick.
The helpless killer bee fails to defend itself.
You impale the killer bee!!
You kill the killer bee!
Cheibriados thoroughly appreciates the change of pace.
You feel sick. The killer bee stings you.
* * * LOW HITPOINT WARNING * * *
Your life force feels restored.
You feel better. The killer bee misses you.
The killer bee stings you but does no damage.
Unknown command.
You barely miss the killer bee. The killer bee completely misses you.
You completely miss the killer bee. The killer bee stings you.
* * * LOW HITPOINT WARNING * * *
You are lethally poisoned!
The killer bee poisons you! The killer bee closely misses you.
Unknown command.
It was a potion of ambrosia.
You are confused.
You feel invigorated.
You feel sick. The killer bee misses you. The killer bee barely misses you.
You completely miss the killer bee.
You feel sick. The killer bee stings you.
* * * LOW HITPOINT WARNING * * *
Unknown command.
Okay, then.
You are too confused!
It was a potion of haste.
You feel yourself speed up.
Cheibriados forgives your accidental hurry, just this once.
The killer bee stings you!
* * * LOW HITPOINT WARNING * * *
The killer bee completely misses you.
Unknown command.
It was a potion of brilliance.
You feel clever all of a sudden.
* * * LOW HITPOINT WARNING * * *
You feel sick. The killer bee closely misses you. The killer bee stings you.
You die...

##..♣♣.♣♣...#
#....♣.♣....#
.######..♣^....♣..###
.....$...♣♣...♣♣....#
..#####......_........
...>....#.♣♣...♣♣.####.
..>....y..♣.....♣ #
#.#####y#...♣.♣...#
#@#..♣♣.♣♣..# #.##.....
.## ..###....... ####
##... #. ##


You could see 2 killer bees.

Vanquished Creatures
  Grinder (D:5)
  Sigmund (D:5)
  Eustachio (D:4)
  Menkaure (D:5)
  A water moccasin (D:6)
  A sky beast (D:4)
  6 ogres
  2 necrophages
  Blork the orc (D:6)
  A bullfrog (D:7)
  4 scorpions
  A wyvern skeleton (D:7)
  4 killer bees (D:7)
  5 wights (D:6)
  6 howler monkeys
  A bullfrog zombie (D:6)
  A bullfrog skeleton (D:6)
  4 hounds
  An orc priest (D:3)
  Jessica (D:2)
  A centaur skeleton (D:3)
  2 iguanas
  A killer bee zombie (D:7)
  6 adders
  A howler monkey skeleton (D:6)
  2 shadow imps
  An adder skeleton (D:4)
  2 worms
  2 dart slugs (D:1)
  15 orcs
  9 endoplasms
  3 giant cockroaches
  10 goblins
  8 hobgoblins
  8 jackals
  2 quokkas
  11 ball pythons
  2 bats
  4 frilled lizards
  8 kobolds
  A rat (D:1)
143 creatures vanquished.

Vanquished Creatures (others)
  7 plants (D:7)
7 creatures vanquished.

Grand Total: 150 creatures vanquished

Notes
Turn   | Place    | Note
-------+----------+-------------------------------------------
     0 | D:1      | Ablot the Gnoll Warper began the quest for the Orb.
     0 | D:1      | Reached XP level 1. HP: 20/20 MP: 6/6
   231 | D:1      | Reached XP level 2. HP: 26/26 MP: 7/7
   234 | D:1      | Learned a level 2 spell: Blink
   608 | D:1      | Reached XP level 3. HP: 19/31 MP: 9/9
   693 | D:1      | Reached skill level 5 in Spellcasting
  1234 | D:2      | Reached skill level 1 in Invocations
  1468 | D:2      | Noticed Jessica
  1475 | D:2      | Reached skill level 1 in Short Blades
  1475 | D:2      | Reached skill level 1 in Long Blades
  1475 | D:2      | Reached skill level 1 in Axes
  1475 | D:2      | Reached skill level 1 in Maces & Flails
  1475 | D:2      | Reached skill level 1 in Staves
  1475 | D:2      | Reached skill level 1 in Slings
  1475 | D:2      | Reached skill level 1 in Bows
  1475 | D:2      | Reached skill level 1 in Crossbows
  1475 | D:2      | Reached skill level 1 in Stealth
  1475 | D:2      | Reached skill level 1 in Shields
  1475 | D:2      | Reached skill level 1 in Unarmed Combat
  1475 | D:2      | Reached skill level 1 in Evocations
  1479 | D:2      | Killed Jessica
  1480 | D:2      | Reached XP level 4. HP: 23/38 MP: 11/11
  1762 | D:2      | Reached skill level 1 in Conjurations
  1762 | D:2      | Reached skill level 1 in Hexes
  1762 | D:2      | Reached skill level 1 in Summonings
  1762 | D:2      | Reached skill level 1 in Necromancy
  1762 | D:2      | Reached skill level 1 in Transmutations
  1762 | D:2      | Reached skill level 1 in Fire Magic
  1762 | D:2      | Reached skill level 1 in Ice Magic
  1762 | D:2      | Reached skill level 1 in Air Magic
  1762 | D:2      | Reached skill level 1 in Earth Magic
  1762 | D:2      | Reached skill level 1 in Poison Magic
  2804 | D:3      | Learned a level 1 spell: Slow
  2835 | D:3      | Reached XP level 5. HP: 14/43 MP: 8/12
  3056 | D:3      | Found a stormy altar of Qazlal.
  3058 | D:3      | Noticed a fire elemental
  3058 | D:3      | Noticed an air elemental
  3059 | D:3      | Noticed a water elemental
  3545 | D:3      | Identified the +1 robe of the Baker {Dex+3}
  3778 | D:3      | Found a shadowy altar of Dithmenos.
  4002 | D:3      | Reached XP level 6. HP: 39/50 MP: 13/13
  4698 | D:4      | Reached skill level 5 in Fighting
  4698 | D:4      | Reached skill level 5 in Polearms
  4698 | D:4      | Reached skill level 5 in Dodging
  4917 | D:4      | Noticed Eustachio
  4937 | D:4      | Killed Eustachio
  4938 | D:4      | Reached XP level 7. HP: 4/56 MP: 12/15
  5725 | D:4      | Identified the ring "Omuthroist" {Will+ Str+2}
  5954 | D:5      | Entered Level 5 of the Dungeon
  6049 | D:5      | Learned a level 2 spell: Ensorcelled Hibernation
  6166 | D:5      | Reached XP level 8. HP: 62/63 MP: 16/16
  6173 | D:5      | Noticed Sigmund
  6177 | D:5      | Noticed Grinder
  6234 | D:5      | Killed Grinder
  6469 | D:5      | Noticed Menkaure
  6887 | D:5      | Killed Menkaure
  7201 | D:5      | Killed Sigmund
  7291 | D:6      | Noticed Blork the orc
  7331 | D:6      | Reached XP level 9. HP: 49/69 MP: 18/18
  7419 | D:6      | Found a staircase to the Ecumenical Temple.
  7432 | Temple   | Entered the Ecumenical Temple
  7440 | Temple   | Became a worshipper of Cheibriados the Contemplative
  7596 | D:6      | Killed Blork the orc
  7760 | D:6      | Found a glowing silver altar of Zin.
  8322 | D:6      | Reached skill level 5 in Throwing
  8322 | D:6      | Reached skill level 5 in Armour
  8749 | D:7      | HP: 2/57 [wyvern skeleton (6)]
  9239 | D:7      | Learned a level 1 spell: Animate Skeleton
  9255 | D:7      | Reached * piety under Cheibriados
  9449 | D:7      | Found a sacrificial altar of Ru.
  9463 | D:7      | Reached skill level 5 in Invocations
  9525 | D:7      | HP: 3/71 [killer bee (6)]
  9528 | D:7      | HP: 1/71 [killer bee (7)]
  9529 | D:7      | Slain by a killer bee

Illustrated notes

Levels and vault maps discovered:
D:1:      minmay_arrival_four_circles, layout_loops_ring, st_stairs_4,
          minmay_misc_feat_hallway
D:2:      layout_basic, grunt_decor_arrowhead, hangedman_decor_points,
          uniq_jessica
D:3:      layout_loops_ring, lemuel_round_altar,
          nicolae_qazlal_style_of_elements, minivault_5,
          minmay_fractal_squares_diagonal_5
D:4:      layout_loops_ring, serial_bayou_pond_d, uniq_eustachio
D:5:      layout_loops_ring, kennysheep_doodads,
          hangedman_abyss_or_decor_passed, serial_park_tiny_1, uniq_sigmund,
          uniq_grinder, uniq_menkaure
D:6:      layout_basic, mainiacjoe_overflow_surrounded_room, temple_doors_e,
          ebering_dispersal_statue_hall, uniq_blork_the_orc
D:7:      layout_loops_ring, mainiacjoe_overflow_small_starburst,
          mainiacjoe_overflow_chevrons, minmay_misc_feat_tiny,
          uniq_crazy_yiuf_cottage
Temple:   minmay_freezing_vapour_temple

Skill      XL: |  1  2  3  4  5  6  7  8  9 |
---------------+----------------------------+-----
Spellcasting   | 5 6 |  6.9
Invocations    | 1 2 3 4 5 |  5.1
Short Blades   | 1 2 3 4 |  4.6
Long Blades    | 1 2 3 4 |  4.6
Axes           | 1 2 3 4 |  4.6
Maces & Flails | 1 2 3 4 |  4.6
Staves         | 1 2 3 4 |  4.6
Slings         | 1 2 3 4 |  4.6
Bows           | 1 2 3 4 |  4.6
Crossbows      | 1 2 3 4 |  4.6
Stealth        | 1 2 3 4 |  4.6
Shields        | 1 2 3 4 |  4.6
Unarmed Combat | 1 2 3 4 |  4.6
Evocations     | 1 2 3 4 |  4.6
Conjurations   | 1 2 3 |  3.8
Hexes          | 1 2 3 |  3.8
Summonings     | 1 2 3 |  3.8
Necromancy     | 1 2 3 |  3.8
Transmutations | 1 2 3 |  3.8
Fire Magic     | 1 2 3 |  3.8
Ice Magic      | 1 2 3 |  3.8
Air Magic      | 1 2 3 |  3.8
Earth Magic    | 1 2 3 |  3.8
Poison Magic   | 1 2 3 |  3.8
Throwing       | 3 4 5 |  5.3
Armour         | 3 4 5 |  5.3
Fighting       | 5 6 |  6.6
Polearms       | 5 6 |  6.6
Dodging        | 5 6 |  6.6
Translocations | 6 |  6.7

Action                   |  1- 3 |  4- 6 |  7- 9 || total
-------------------------+-------+-------+-------++-------
Melee: Spear             |   138 |    41 |       ||   179
       Bite              |    12 |    20 |    28 ||    60
       Punch             |     3 |     5 |     4 ||    12
       Dagger            |       |   152 |   167 ||   319
       Trident           |       |     6 |   158 ||   164
Throw: Dart              |       |       |     2 ||     2
 Cast: Blink             |       |     3 |     5 ||     8
       Slow              |       |     2 |    15 ||    17
       Ensorcelled Hiber |       |       |     4 ||     4
Invok: Bend Time         |       |       |     1 ||     1
Evoke: Wand              |       |       |     3 ||     3
  Use: Potion            |       |       |     5 ||     5
 Stab: Sleeping          |     3 |     6 |     8 ||    17
       Distracted        |       |       |     1 ||     1
Armor: Leather armour    |    20 |       |    43 ||    63
       Robe              |       |    22 |     1 ||    23
Dodge: Dodged            |    90 |   108 |   179 ||   377
